 Dungeon Crawl Stone Soup version 0.31-a0-986-g5e6e4ef867 (webtiles) character file.

Game seed: 10546873693924684909

42 LeprechaunX the Changeling (level 3, 0/36 HPs)
             Began as an Octopode Shapeshifter on Nov 11, 2023.
             Slain by Grinder (6 damage)
             ... on level 4 of the Dungeon.
             The game lasted 00:00:52 (898 turns).

LeprechaunX the Changeling (Octopode Shapeshifter)   Turns: 898, Time: 00:00:52

Health: 0/36       AC: 21    Str: 13    XL:     3   Next: 54%
Magic:  3/3        EV:  2    Int: 12    God:
Gold:   38         SH:  0    Dex: 13    Spells: 2/2 levels left

rFire   . .          .
                       - Unarmed
rCold   . . .        (no shield)
rNeg    . . .        (helmet currently unavailable)
rPois   +            (no amulet)
rElec   .            (no ring)
rCorr   .            (no ring)
SInv    .            (no ring)
Will    .....        (no ring)
Stlth   +            (no ring)
HPRegen 0.26/turn    (no ring)
MPRegen 0.08/turn    (no ring)
                     (no ring)

%: no passive effects
@: tree-form
A: stationary, stasis, torment immunity, boosted hp, almost no armour,
(amphibious), 8 rings, (camouflage 1), (gelatinous body 1), (nimble swimmer 1),
(tentacles)
a: no special abilities


You were on level 4 of the Dungeon.
You were a tree.
You visited 1 branch of the dungeon, and saw 3 of its levels.

You collected 38 gold pieces.

Inventory:

Jewellery
 l - a ring of magical power
Talismans
 b - a beast talisman
 c - a flux talisman
Scrolls
 d - a scroll of blinking {unknown}
 e - a scroll of immolation {unknown}
 g - a scroll of enchant weapon {unknown}
 h - a scroll of poison {unknown}
 i - 2 scrolls of identify {unknown}
Potions
 a - a potion of lignification
 f - 2 potions of enlightenment {unknown}
 j - a potion of attraction {unknown}
 k - a potion of heal wounds {unknown}
 m - a potion of curing {unknown}


   Skills:
 + Level 1.8 Fighting
 - Level 2.0 Dodging
 + Level 3.3 Unarmed Combat
 * Level 3.6 Shapeshifting


You had 2 spell levels left.
You didn't know any spells.
Your spell library was empty.

Dungeon Overview and Level Annotations

Branches:
Dungeon (2/15)

Altars:

Annotations:
D:4 Grinder


Innate Abilities, Weirdness & Mutations

You are a tree.
Your roots penetrate the ground, keeping you stationary.
You cannot be teleported.
You are immune to unholy pain and torment.
Your maximum health is greatly increased.
You cannot wear most types of armour.
((You are amphibious.))
You can wear up to eight rings at the same time.
((Your skin changes colour to match your surroundings (Stealth+).))
((Your rubbery body absorbs attacks. (AC +1, EV +1)))
((You are camouflaged when in or above water. (Stealth+)))
((You have tentacles for arms and can constrict up to eight enemies at once.))


Message History

You constrict the gnoll, but do no damage.
The gnoll hits you from afar with a +0 spear.
The gnoll escapes!
Grinder blinks!
You tentacle-slap the gnoll but do no damage.
Your grab misses the gnoll. Your squeeze misses the gnoll.
The gnoll is almost dead.
The gnoll hits you from afar with a +0 spear.
The gnoll hits you with a +0 club!
* * * LOW HITPOINT WARNING * * *
Grinder gestures at you.
You struggle to resist.
Okay, then.
The gnoll hits you but does no damage. The gnoll closely misses you.
Grinder gestures at you. Pain shoots through your body!
* * * LOW HITPOINT WARNING * * *
Things that are here:
a +0 flail; a gnoll corpse Unknown command.
Your transformation has ended.
You turn into a tree.
Your roots penetrate the ground.
The gnoll barely misses you. The gnoll hits you but does no damage.
You hit the gnoll.
The gnoll is heavily wounded.
The gnoll hits you but does no damage. x2; Grinder completely misses you.
You smack the gnoll!
You kill the gnoll!
The gnoll hits you but does no damage. Grinder hits you but does no damage.
You have reached level 3!
Your experience leads to an increase in your attributes!
Increase (S)trength, (I)ntelligence, or (D)exterity?
You feel agile. x2
You smack the gnoll!
You kill the gnoll!
Grinder hits you but does no damage.
You smack Grinder!
Grinder is moderately wounded.
Grinder hits you.
You die...
Grinder says, "Now the real fun starts!"

#.....#.. .
######.....#.###.
#..........#.....
#.####.....#..##
#..........+
#..##.....##
#..###.....+ #..#
##5..## #..#
#)♣.# #.. #..)#
#..... #...#...
#...##### #...#
#...# ###..


You could see Grinder.

Vanquished Creatures
  3 gnolls (D:4)
  2 bats (D:1)
  An endoplasm (D:1)
  2 giant cockroaches
  2 goblins (D:1)
  2 kobolds
  A ball python (D:1)
  A rat (D:1)
14 creatures vanquished.

Notes
Turn   | Place    | Note
-------+----------+-------------------------------------------
     0 | D:1      | LeprechaunX the Octopode Shapeshifter began the quest for
                  | the Orb.
     0 | D:1      | Reached XP level 1. HP: 13/13 MP: 1/1
   392 | D:1      | Reached XP level 2. HP: 18/18 MP: 2/2
   709 | D:2      | Found a faded altar of an unknown god.
   840 | D:2      | You fall into a shaft and drop 2 floors!
   887 | D:4      | Noticed Grinder
   897 | D:4      | Reached XP level 3. HP: 5/24 MP: 3/3
   898 | D:4      | Slain by Grinder

Illustrated notes

Levels and vault maps discovered:
D:1:      arrival_zaba_pyramid, layout_loops_ring
D:2:      layout_loops_corners, chequers_ecumenical_altar_twisty
D:4:      layout_basic, chequers_temple_overflow_minitemple, serial_rivers,
          chequers_serial_rivers_marsh, chequers_serial_rivers_small_3,
          chequers_serial_rivers_small_a, chequers_serial_rivers_micro_a,
          chequers_serial_rivers_micro_c, chequers_serial_rivers_micro_c,
          serial_shops, nicolae_take_the_stairs, uniq_ijyb, uniq_grinder,
          uniq_edmund, uniq_duvessa

Action                     || total
---------------------------++-------
  Melee: Unarmed           ||    22
         Constrict         ||     8
         Tentacles         ||     9
    Use: Potion            ||     1
   Stab: Sleeping          ||     2
 Armour: Skin              ||    13
  Dodge: Dodged            ||     9

Table legend: (Time is in decaauts)
 A = Elapsed time spent in this place.
 B = Non-inter-level travel time spent in this place.
 C = Inter-level travel time spent in this place.
 D = Time resting spent in this place.
 E = Time spent auto-exploring this place.
 F = Levels seen in this place.
 G = Mean time per level.
                   A        B        C        D        E       F      G
               +--------+--------+--------+--------+--------+-----+--------+
         Total |    896 |    846 |     50 |      0 |    748 |   3 |  298.7 |
       Dungeon |    896 |    846 |     50 |      0 |    748 |   3 |  298.7 |
               +--------+--------+--------+--------+--------+-----+--------+

Top non-repeatable levels by time:
     D:1: 622 daAuts
     D:2: 216 daAuts
     D:4: 57 daAuts
